[ AOE2 MATCH · #506804509 ]
UnrankedTurks vs Burgundians
Player's team · WIN
[ REPLAY ANALYSIS · EXTRACTED FROM THE RECORDED GAME ]
Feudal
10:56
Castle
15:13
Imperial
—
| APM avg | 39.9 |
| APM peak | 89 |
| eAPM avg | 21.6 |
| Villagers / military | 46 / 16 |
Focus
⚔️ 36.5% · 🌾 63.5%
Janissary ×15 · Petard ×1
Feudal
9:03
Castle
—
Imperial
—
| APM avg | 47.9 |
| APM peak | 90 |
| eAPM avg | 22.6 |
| Villagers / military | 35 / 0 |
Focus
⚔️ 37.5% · 🌾 62.5%
Match map
Initial resources + every placement click. Lines = walls · curves = elevation contours. ◆ gold · ⬟ stone · ● berries · ✦ relic · ◌ wall gap
Your base· ✓ Closed at 15:13 · 16t walls · 3 gate(s)
Kaydos's base· ✓ Closed at 17:29 · 26t walls · 2 gate(s)
Smoothed initial terrain · ◌ = detected wall gap · hover for details
Inputs per minute
— [超雷大黑店]Jian Hei - - Kaydos
Build order — [超雷大黑店]Jian Hei
101 actions detected in the replay
| 0:00 | Queue | Villager (Male) |
| 0:01 | Queue | Villager (Male) |
| 0:02 | Build | House |
| 0:04 | Build | House |
| 0:07 | Queue | Villager (Male) |
| 0:08 | Queue | Villager (Male) |
| 1:23 | Queue | Villager (Male) |
| 1:24 | Queue | Villager (Male) |
| 1:52 | Queue | Villager (Male) |
| 1:52 | Queue | Villager (Male) |
| 2:11 | Build | Lumber Camp |
| 2:22 | Queue | Villager (Male) |
| 2:22 | Queue | Villager (Male) |
| 2:23 | Queue | Villager (Male) |
| 3:03 | Queue | Villager (Male) |
| 3:03 | Queue | Villager (Male) |
| 3:03 | Queue | Villager (Male) |
| 3:04 | Queue | Villager (Male) |
| 3:26 | Queue | Villager (Male) |
| 3:26 | Queue | Villager (Male) |
| 3:49 | Build | House |
| 3:50 | Build | House |
| 3:53 | Build | Palisade Gate |
| 3:55 | Queue | Villager (Male) |
| 3:55 | Queue | Villager (Male) |
| 4:17 | Queue | Villager (Male) |
| 4:17 | Queue | Villager (Male) |
| 4:42 | Queue | Villager (Male) |
| 4:47 | Queue | Villager (Male) |
| 4:47 | Queue | Villager (Male) |
| 4:54 | Build | Palisade Wall |
| 5:27 | Build | Mill |
| 5:29 | Queue | Villager (Male) |
| 5:32 | Build | Palisade Wall |
| 5:33 | Build | Palisade Wall |
| 5:48 | Queue | Villager (Male) |
| 6:16 | Queue | Villager (Male) |
| 6:40 | Build | Farm |
| 6:40 | Build | Farm |
| 7:15 | Queue | Villager (Male) |
| 7:15 | Queue | Villager (Male) |
| 7:16 | Queue | Villager (Male) |
| 8:24 | Build | Mining Camp |
| 8:37 | Research | Feudal Age |
| 8:37 | Research | Feudal Age |
| 8:52 | Build | Mining Camp |
| 9:11 | Queue | Villager (Male) |
| 9:12 | Queue | Villager (Male) |
| 9:54 | Build | House |
| 10:00 | Research | Loom |
| 10:20 | Build | Palisade Wall |
| 10:28 | Queue | Villager (Male) |
| 10:56 | Age | Feudal Age |
| 10:57 | Build | Stone Wall |
| 10:59 | Queue | Villager (Male) |
| 11:22 | Build | Market |
| 11:37 | Build | Stone Wall |
| 11:52 | Build | House |
| 11:55 | Build | Blacksmith |
| 12:28 | Research | Castle Age |
| 12:28 | Research | Castle Age |
| 12:55 | Build | Watch Tower |
| 13:20 | Build | House |
| 13:36 | Build | House |
| 14:10 | Build | Stone Wall |
| 14:15 | Queue | Villager (Male) |
| 14:40 | Queue | Villager (Male) |
| 15:13 | Age | Castle Age |
| 15:17 | Build | Siege Workshop |
| 15:22 | Build | Stone Wall |
| 15:40 | Build | Castle |
| 15:46 | Queue | Villager (Male) |
| 16:07 | Queue | Villager (Male) |
| 16:32 | Build | Mill |
| 16:45 | Queue | Villager (Male) |
| 16:53 | Queue | Petard |
| 16:56 | Queue | Janissary |
| 17:05 | Queue | Villager (Male) |
| 17:26 | Queue | Janissary |
| 17:26 | Queue | Janissary |
| 17:26 | Queue | Janissary |
| 17:28 | Queue | Villager (Male) |
| 17:46 | Queue | Janissary |
| 17:46 | Queue | Janissary |
| 18:00 | Queue | Villager (Male) |
| 18:18 | Queue | Janissary |
| 18:19 | Queue | Janissary |
| 18:36 | Queue | Villager (Male) |
| 18:41 | Queue | Villager (Male) |
| 18:51 | Queue | Janissary |
| 18:51 | Queue | Janissary |
| 18:51 | Queue | Janissary |
| 18:57 | Build | Siege Workshop |
| 19:03 | Queue | Janissary |
| 19:03 | Queue | Janissary |
| 19:20 | Build | Mining Camp |
| 19:38 | Queue | Janissary |
| 19:38 | Queue | Janissary |
| 19:51 | Build | House |
| 19:56 | Queue | Villager (Male) |
| 19:57 | Queue | Villager (Male) |
Build order — Kaydos
99 actions detected in the replay
| 0:00 | Queue | Villager (Male) |
| 0:01 | Queue | Villager (Male) |
| 0:02 | Build | House |
| 0:02 | Build | House |
| 0:06 | Queue | Villager (Male) |
| 0:06 | Queue | Villager (Male) |
| 1:28 | Queue | Villager (Male) |
| 2:02 | Queue | Villager (Male) |
| 2:14 | Build | Lumber Camp |
| 2:26 | Queue | Villager (Male) |
| 2:41 | Queue | Villager (Male) |
| 3:10 | Queue | Villager (Male) |
| 3:34 | Queue | Villager (Male) |
| 3:48 | Build | House |
| 4:12 | Queue | Villager (Male) |
| 4:29 | Queue | Villager (Male) |
| 5:04 | Queue | Villager (Male) |
| 5:25 | Queue | Villager (Male) |
| 5:29 | Research | Loom |
| 6:22 | Queue | Villager (Male) |
| 6:27 | Build | Mining Camp |
| 6:45 | Queue | Villager (Male) |
| 6:53 | Research | Feudal Age |
| 7:14 | Build | Mill |
| 7:25 | Build | Palisade Wall |
| 7:26 | Build | Palisade Wall |
| 7:29 | Build | Palisade Wall |
| 7:31 | Build | Palisade Wall |
| 7:33 | Build | Palisade Wall |
| 7:35 | Build | Palisade Wall |
| 7:36 | Build | Palisade Wall |
| 7:38 | Build | Palisade Wall |
| 7:44 | Build | Palisade Wall |
| 7:45 | Build | Palisade Wall |
| 7:52 | Build | Palisade Wall |
| 7:53 | Build | Palisade Wall |
| 7:56 | Build | Palisade Wall |
| 8:00 | Build | Palisade Wall |
| 8:02 | Build | House |
| 8:10 | Research | Double-Bit Axe |
| 8:43 | Queue | Villager (Male) |
| 9:03 | Age | Feudal Age |
| 9:11 | Build | Watch Tower |
| 9:21 | Research | Bow Saw |
| 9:22 | Queue | Villager (Male) |
| 9:50 | Queue | Villager (Male) |
| 10:13 | Queue | Villager (Male) |
| 10:28 | Build | House |
| 10:35 | Queue | Villager (Male) |
| 10:45 | Build | Farm |
| 10:54 | Queue | Villager (Male) |
| 11:21 | Build | Farm |
| 11:22 | Queue | Villager (Male) |
| 12:00 | Queue | Villager (Male) |
| 12:26 | Queue | Villager (Male) |
| 12:30 | Build | Farm |
| 12:30 | Build | Farm |
| 12:30 | Build | Farm |
| 12:31 | Build | Farm |
| 12:32 | Build | Farm |
| 12:36 | Queue | Villager (Male) |
| 12:55 | Queue | Villager (Male) |
| 13:10 | Queue | Villager (Male) |
| 13:15 | Build | House |
| 13:16 | Build | Mining Camp |
| 14:08 | Build | Mining Camp |
| 14:12 | Queue | Villager (Male) |
| 14:14 | Build | Farm |
| 14:23 | Build | Watch Tower |
| 14:39 | Queue | Villager (Male) |
| 14:47 | Build | Market |
| 14:55 | Build | Watch Tower |
| 15:08 | Queue | Villager (Male) |
| 15:28 | Queue | Villager (Male) |
| 15:34 | Build | Blacksmith |
| 15:55 | Queue | Villager (Male) |
| 16:04 | Build | Stone Wall |
| 16:10 | Build | House |
| 16:24 | Build | Stone Wall |
| 16:37 | Queue | Villager (Male) |
| 17:20 | Build | House |
| 17:29 | Research | Castle Age |
| 17:29 | Research | Castle Age |
| 17:34 | Build | Barracks |
| 17:38 | Research | Horse Collar |
| 17:48 | Build | Mining Camp |
| 18:01 | Build | House |
| 18:02 | Build | House |
| 18:04 | Build | House |
| 18:06 | Build | House |
| 18:09 | Build | House |
| 18:10 | Build | House |
| 18:13 | Build | House |
| 18:17 | Build | House |
| 18:44 | Build | House |
| 18:47 | Queue | Villager (Male) |
| 18:51 | Build | House |
| 19:07 | Build | Lumber Camp |
| 19:45 | Build | Stable |
Match timeline
| 4:54 | [超雷大黑店]Jian Hei · wall_segment Palisade Wall x6 |
| 5:32 | [超雷大黑店]Jian Hei · wall_segment Palisade Wall x1 |
| 5:33 | [超雷大黑店]Jian Hei · wall_segment Palisade Wall x1 |
| 7:25 | Kaydos · wall_segment Palisade Wall x1 |
| 7:26 | Kaydos · wall_segment Palisade Wall x1 |
| 7:29 | Kaydos · wall_segment Palisade Wall x1 |
| 7:31 | Kaydos · wall_segment Palisade Wall x1 |
| 7:33 | Kaydos · wall_segment Palisade Wall x1 |
| 7:35 | Kaydos · wall_segment Palisade Wall x1 |
| 7:36 | Kaydos · wall_segment Palisade Wall x1 |
| 7:38 | Kaydos · wall_segment Palisade Wall x1 |
| 7:44 | Kaydos · wall_segment Palisade Wall x1 |
| 7:45 | Kaydos · wall_segment Palisade Wall x1 |
| 7:52 | Kaydos · wall_segment Palisade Wall x1 |
| 7:53 | Kaydos · wall_segment Palisade Wall x1 |
| 7:56 | Kaydos · wall_segment Palisade Wall x1 |
| 8:00 | Kaydos · wall_segment Palisade Wall x1 |
| 9:03 | Kaydos · age_up feudal |
| 10:20 | [超雷大黑店]Jian Hei · wall_segment Palisade Wall x6 |
| 10:56 | [超雷大黑店]Jian Hei · age_up feudal |
| 10:57 | [超雷大黑店]Jian Hei · wall_segment Stone Wall x1 |
| 11:37 | [超雷大黑店]Jian Hei · wall_segment Stone Wall x1 |
| 14:10 | [超雷大黑店]Jian Hei · wall_segment Stone Wall x1 |
| 15:13 | [超雷大黑店]Jian Hei · age_up castle |
| 15:17 | [超雷大黑店]Jian Hei · first_building Siege Workshop |
| 15:22 | [超雷大黑店]Jian Hei · wall_segment Stone Wall x1 |
| 15:29 | [超雷大黑店]Jian Hei · first_market_buy 100 stone |
| 15:40 | [超雷大黑店]Jian Hei · first_building Castle |
| 16:04 | Kaydos · wall_segment Stone Wall x11 |
| 16:23 | [超雷大黑店]Jian Hei · first_market_sell 100 stone |
| 16:24 | Kaydos · wall_segment Stone Wall x1 |
| 17:34 | Kaydos · first_building Barracks |
| 19:43 | Kaydos · first_market_buy 100 wood |
| 19:45 | Kaydos · first_building Stable |
| 20:00 | Kaydos · resign |
[ AI ANALYSIS · 1 CREDIT ]
What really happened in this match?
Wolo.gg analyzes every decision: build order, eco, micro, common mistakes by bracket. Personalized analysis on WhatsApp or Discord in 30 seconds.
Civ guide
Turks
Perfil
Jugador #22249146